 Dungeon Crawl Stone Soup version bcrawl-1.21 (webtiles) character file.

Game seed: 9698927408779471046

102 Freyura the Cudgeler (level 4, -3/34 HPs)
             Began as a Demonspawn Gladiator on Feb 8, 2020.
             Slain by a gnoll
             ... wielding a +0 spear
              (4 damage)
             ... on level 3 of the Dungeon.
             The game lasted 00:05:56 (1728 turns).

Freyura the Cudgeler (Demonspawn Gladiator)         Turns: 1728, Time: 00:05:57

Health: -3/34      AC:  9    Str: 14    XL:     4   Next: 49%
Magic:  4/4        EV:  7    Int:  9    God:
Gold:   177        SH:  0    Dex: 16    Spells: 3/3 levels left

rFire    . . .     SeeInvis .   (no weapon)
rCold    . . .     Gourm    .   (no shield)
rNeg     . . .     Faith    .   a - +0 chain mail {rPois}
rPois    +         Spirit   .   c - +0 helmet
rElec    .         Reflect  .   (no cloak)
rCorr    .         Harm     .   (no gloves)
MR       .....                  (no boots)
Stlth    ..........             (no amulet)
HPRegen  0.11/turn              (no ring)
MPRegen  0.09/turn              (no ring)

@: no status effects
A: claws 2
a: no special abilities


You were on level 3 of the Dungeon.
You were not hungry.

You visited 1 branch of the dungeon, and saw 3 of its levels.

You collected 177 gold pieces.

Inventory:

Missiles
 d - 3 throwing nets (quivered) {!f}
Armour
 a - a +0 chain mail of poison resistance (worn)
 b - a +0 leather armour
 c - a +0 helmet (worn)
 j - a +0 ring mail
 q - a +0 chain mail
Scrolls
 f - 2 scrolls of fog
 h - 2 scrolls of teleportation
 k - a scroll of identify
 l - 3 scrolls of enchant weapon
 m - a scroll of magic mapping {unknown}
 n - 2 scrolls of blinking {unknown}
 o - a scroll of fear {unknown}
Potions
 g - 2 potions of mutation
 p - a potion of heal wounds {unknown}
 r - a potion of flight {unknown}
Comestibles
 e - 3 rations {!d}
 s - a chunk of flesh


   Skills:
 + Level 2.7 Fighting
   Level 3.4 Maces & Flails
 - Level 1.7 Throwing
 + Level 1.5 Armour
 + Level 3.3 Dodging
 + Level 0.7 Unarmed Combat


You had 3 spell levels left.
You didn't know any spells.
Your spell library was empty.

Dungeon Overview and Level Annotations

Branches:
Dungeon (3/12)

Altars:


Innate Abilities, Weirdness & Mutations

You have very sharp fingernails.


Message History

The gnoll is lightly wounded.
The hobgoblin hits you. The gnoll hits you with a +0 spear.
* * * LOW HITPOINT WARNING * * *
The gnoll hits you but does no damage.
You scratch the gnoll.
The gnoll is heavily wounded.
The hobgoblin barely misses you. The gnoll hits you with a +0 spear.
* * * LOW HITPOINT WARNING * * *
The gnoll hits you with a +0 club.
* * * LOW HITPOINT WARNING * * *
You barely miss the gnoll.
The gnoll is heavily wounded.
The hobgoblin hits you but does no damage.
The gnoll hits you with a +0 spear.
* * * LOW HITPOINT WARNING * * *
The gnoll closely misses you.
You barely miss the gnoll.
The gnoll is heavily wounded.
The hobgoblin closely misses you. The gnoll hits you with a +0 spear.
You die...

#.# #.# ...
#.# #g# #g#
#g### #@g.#
......g.....#
...##...<...#
##.?.%.##
#######


You could see 4 gnolls and a hobgoblin.

Vanquished Creatures
  A hound (D:2)
  Terence (D:2)
  A worm (D:2)
  3 dart slugs
  2 leopard geckos (D:2)
  2 giant cockroaches
  A goblin (D:1)
  9 hobgoblins
  5 kobolds
  A quokka (D:1)
  9 bats
  2 frilled lizards
  4 rats
41 creatures vanquished.

Notes
Turn   | Place    | Note
-------+----------+-------------------------------------------
     0 | D:1      | Freyura the Demonspawn Gladiator began the quest for the
                  | Orb.
     0 | D:1      | Reached XP level 1. HP: 16/16 MP: 1/1
   262 | D:1      | Gained mutation: You have sharp fingernails. [demonic
                  | ancestry]
   262 | D:1      | Reached XP level 2. HP: 18/22 MP: 2/2
   703 | D:2      | Gained mutation: You have very sharp fingernails. [demonic
                  | ancestry]
   703 | D:2      | Reached XP level 3. HP: 20/28 MP: 3/3
   804 | D:2      | Noticed Terence
   841 | D:2      | Killed Terence
   841 | D:2      | Reached skill level 1 in Armour
  1275 | D:2      | Reached XP level 4. HP: 34/34 MP: 4/4
  1727 | D:3      | HP: 1/34 [gnoll/+0 spear (3)]
  1728 | D:3      | Slain by a gnoll

Skill      XL: |  1  2  3 |
---------------+----------+-----
Maces & Flails | 3 |  3.4
Dodging        | 3 |  3.3
Armour         | 1 |  1.5
Fighting       | |  2.7
Throwing       | |  1.7
Unarmed Combat | |  0.7

Action                   |  1- 3 |  4- 6 || total
-------------------------+-------+-------++-------
Melee: Flail             |   107 |       ||   107
       Unarmed           |    34 |    41 ||    75
  Use: Scroll            |     1 |     5 ||     6
 Stab: Sleeping          |     1 |       ||     1
  Eat: Chunk             |     1 |     2 ||     3
Armor: Leather armour    |    23 |       ||    23
       Ring mail         |    46 |     6 ||    52
       Chain mail        |       |    15 ||    15
Dodge: Dodged            |   116 |    21 ||   137
